 Dungeon Crawl Stone Soup version 0.30-a0-715-gdb4ae3ece1 (webtiles) character file.

Game seed: 12972716376849289773

571 M4edhros the Changer (level 7, -4/43 HPs)
             Began as an Octopode Transmuter on Jan 24, 2023.
             Slain by a gnoll bouda
             ... wielding a +0 whip
              (9 damage)
             ... on level 4 of the Dungeon.
             The game lasted 00:06:54 (999 turns).

M4edhros the Changer (Octopode Transmuter)           Turns: 999, Time: 00:06:55

Health: -4/43      AC:  1    Str:  9    XL:     7   Next: 34%
Magic:  7/10       EV: 13    Int: 13    God:
Gold:   41         SH:  4    Dex: 15    Spells: 0/10 levels left

rFire   . . .      SeeInvis .      - Unarmed
rCold   . . .      Faith    .    (no shield)
rNeg    . . .      Spirit   .    (helmet restricted)
rPois   .          Reflect  .    (no amulet)
rElec   .          Harm     .    (no ring)
rCorr   .          Rampage  .    (no ring)
Will    .....                    (no ring)
Stlth   ++                       (no ring)
HPRegen 0.27/turn                (no ring)
MPRegen 0.12/turn                (no ring)
                                 (no ring)
                                 (no ring)

@: no status effects
A: almost no armour, amphibious, 8 rings, camouflage 1, gelatinous body 1,
(nimble swimmer 1), tentacles, antennae 1, tentacle spike 1, large bone plates
1, dopey 1
a: no special abilities


You were on level 4 of the Dungeon.
You visited 1 branch of the dungeon, and saw 5 of its levels.
You also visited: Ossuary.

You collected 41 gold pieces.

Inventory:

Missiles
 k - 8 poisoned darts
 o - a curare-tipped dart
Magical Staves
 l - a staff of cold
Wands
 n - a wand of flame (20)
Scrolls
 b - 4 scrolls of noise
 c - 2 scrolls of brand weapon {unknown}
 e - a scroll of enchant weapon {unknown}
 g - 2 scrolls of teleportation {unknown}
 i - a scroll of vulnerability {unknown}
 m - a scroll of identify {unknown}
 p - a scroll of amnesia {unknown}
Potions
 a - a potion of ambrosia {unknown}
 d - 2 potions of haste {unknown}
 f - a potion of cancellation {unknown}
 h - a potion of brilliance {unknown}
 j - a potion of curing


   Skills:
 + Level 1.2 Fighting
 - Level 2.0 Dodging
 + Level 5.0 Unarmed Combat
 - Level 2.0 Spellcasting
 - Level 6.6 Transmutations


You couldn't memorise any spells.
You knew the following spells:

 Your Spells              Type           Power      Damage    Failure   Level
a - Beastly Appendage     Tmut           36%        N/A       1%          1
b - Wereblood             Tmut           18%        N/A       2%          2
c - Spider Form           Tmut/Pois      9%         N/A       21%         3
d - Ice Form              Ice/Tmut       9%         N/A       54%         4

Your spell library contained the following spells:

 Spells                   Type           Power      Damage    Failure   Level


Dungeon Overview and Level Annotations

Branches:
Dungeon (5/15)            Ossuary (visited)
 Temple: D:4-7

Altars:
Wu Jian


Innate Abilities, Weirdness & Mutations

You cannot wear most types of armour.
You are amphibious.
You can wear up to eight rings at the same time.
Your skin changes colour to match your surroundings (Stealth+).
Your rubbery body absorbs attacks. (AC +1, EV +1)
((You are camouflaged when in or above water. (Stealth+)))
You have tentacles for arms and can constrict up to eight enemies at once.
You have a pair of small antennae on your head.
One of your tentacles bears a spike.
You are partially covered in large bone plates. (SH +4)
You are dopey. (Int -2)


Message History

Your transformation has ended.
The gnoll closely misses you.
Aiming: Throw Flame
Press: ? - help, Shift-Dir - straight line, f/p - gnoll
Aim: a gnoll, wielding a +0 spear (moderately wounded, covering ground quickly, 72% to hit)
The puff of flame hits the gnoll!
The gnoll is almost dead.
The gnoll hits you from afar with a +0 spear.
Aiming: Throw Flame
Press: ? - help, Shift-Dir - straight line, f/p - gnoll
Aim: a gnoll, wielding a +0 spear (almost dead, covering ground quickly, 72% to hit)
The puff of flame hits the gnoll.
You kill the gnoll!
Aiming: Throw Flame
Press: ? - help, Shift-Dir - straight line, f - gnoll bouda
Aim: a gnoll bouda, wielding a +0 whip and wearing a +0 robe (72% to hit)
The puff of flame hits the gnoll bouda.
The gnoll bouda is moderately wounded.
Aiming: Throw Flame
Press: ? - help, Shift-Dir - straight line, f/p - gnoll bouda
Aim: a gnoll bouda, wielding a +0 whip and wearing a +0 robe (moderately wounded, 72% to hit)
The puff of flame misses the gnoll bouda.
The puff of flame hits the gnoll!
The gnoll is heavily wounded.
Your primal bloodlust has ended.
Okay, then.
You tentacle-slap the gnoll bouda. You grab the gnoll bouda.
You squeeze the gnoll bouda.
The gnoll bouda is heavily wounded.
You constrict the gnoll bouda, but do no damage.
The gnoll is no longer moving quickly.
The gnoll bouda barks out a call to the hunt!
The gnoll picks up the pace!
You tentacle-slap the gnoll bouda but do no damage.
The gnoll bouda is heavily wounded.
You constrict the gnoll bouda.
The gnoll hits you from afar with a +0 spear!
* * * LOW HITPOINT WARNING * * *
The gnoll bouda hits you with a +0 whip!
You die...

#....#............#
#....#............#
#....#............+
#....#............#
#######............#####.
#.........##'#####.......
#.........#.....)g.g.....
#.........#)...gg#.......
#.........#....@.#....gg.
#.....[...##...###..gg...
########'####### #######
#....# #....# #....#
#....# ######


You could see a gnoll bouda and 2 gnolls.

Vanquished Creatures
  2 black bears (D:5)
  A kobold brigand (D:5)
  3 scorpions (D:5)
  A human zombie (Ossuary)
  A centaur zombie (Ossuary)
  2 mummies (Ossuary)
  3 gnolls (D:4)
  An adder (D:5)
  A shadow imp (D:5)
  2 ufetubi (D:5)
  An orc (D:5)
  An endoplasm (D:4)
  4 jackals (D:4)
  5 kobolds (D:5)
  2 gnoll zombies (Ossuary)
  A goblin (D:4)
  A goblin zombie (Ossuary)
  2 hobgoblin zombies (Ossuary)
  An orc zombie (Ossuary)
35 creatures vanquished.

Notes
Turn   | Place    | Note
-------+----------+-------------------------------------------
     0 | D:1      | M4edhros the Octopode Transmuter began the quest for the
                  | Orb.
     0 | D:1      | Reached XP level 1. HP: 13/13 MP: 3/3
    62 | D:4      | Noticed a jelly
    77 | D:5      | Entered Level 5 of the Dungeon
   101 | D:5      | Found a sand-covered staircase.
   106 | Ossuary  | Entered an ossuary
   162 | Ossuary  | Gained mutation: You have hidden genetic potential. [potion
                  | of mutation]
   162 | Ossuary  | Gained mutation: You are dopey. (Int -2) [potion of
                  | mutation]
   183 | Ossuary  | Reached XP level 2. HP: 4/18 MP: 5/5
   183 | Ossuary  | Reached XP level 3. HP: 6/23 MP: 6/6
   193 | Ossuary  | Gained mutation: You have great hidden genetic potential.
                  | [hidden potential]
   306 | Ossuary  | Reached XP level 4. HP: 7/28 MP: 7/7
   402 | Ossuary  | Reached skill level 5 in Unarmed Combat
   405 | Ossuary  | Learned a level 2 spell: Wereblood
   409 | Ossuary  | Learned a level 3 spell: Spider Form
   434 | Ossuary  | Gained mutation: You are partially covered in large bone
                  | plates. (SH +4) [hidden potential]
   434 | Ossuary  | Lost mutation: You have great hidden genetic potential.
                  | [hidden potential expressed]
   488 | D:5      | Noticed a scorpion
   498 | D:5      | Killed a scorpion
   499 | D:5      | Reached skill level 3 in Transmutations
   499 | D:5      | Reached XP level 5. HP: 26/33 MP: 2/8
   522 | D:5      | Gained mutation: One of your tentacles bears a spike.
                  | [hidden potential]
   558 | D:5      | Reached skill level 4 in Transmutations
   619 | D:5      | Reached XP level 6. HP: 27/38 MP: 9/9
   627 | D:5      | Reached skill level 5 in Transmutations
   641 | D:5      | Gained mutation: You have a pair of small antennae on your
                  | head. [hidden potential]
   641 | D:5      | Lost mutation: You have hidden genetic potential. [hidden
                  | potential expressed]
   658 | D:5      | Noticed a black bear
   669 | D:5      | Killed a black bear
   680 | D:5      | Found an ornate altar of the Wu Jian Council.
   743 | D:5      | Reached skill level 6 in Transmutations
   743 | D:5      | Reached XP level 7. HP: 15/43 MP: 6/10
   903 | D:5      | Learned a level 4 spell: Ice Form
   999 | D:4      | Slain by a gnoll bouda

Illustrated notes

Levels and vault maps discovered:
D:1:      minmay_arrival_floating_metal, layout_rooms, serial_forest,
          infiniplex_forest_lined_2, infiniplex_forest_end_2,
          infiniplex_forest_clump_large, infiniplex_forest_straight_4,
          infiniplex_forest_lined_ring
D:2:      layout_basic, basic_ecumenical_altar, minmay_quadrilaterals
D:3:      layout_basic, amcnicky_altar_gilded, minmay_misc_feat_alley,
          minmay_pentomino_pile
D:4:      layout_gridville, uniq_pikel
D:5:      cheibrodos_helix_gallery, layout_layer_cave,
          nicolae_wu_jian_immortal_techniques,
          lightli_ossuary_entry_decrepit_ruins, eino_curves_03,
          minmay_misc_feat_hallway, minmay_misc_feat_ornament

Skill      XL: |  1  2  3  4  5  6 |
---------------+-------------------+-----
Unarmed Combat | 4 5 |  5.0
Transmutations | 3 4 6 |  6.6
Fighting       | |  1.2
Dodging        | |  2.0
Spellcasting   | |  2.0

Action                     |  1- 3 |  4- 6 |  7- 9 || total
---------------------------+-------+-------+-------++-------
  Melee: Unarmed           |    32 |    61 |    20 ||   113
         Tentacles         |     8 |     6 |     3 ||    17
         Constrict         |     6 |     9 |     2 ||    17
         Punch             |     1 |     1 |     1 ||     3
         Kick              |       |     8 |     4 ||    12
   Cast: Spider Form       |       |     4 |     1 ||     5
         Wereblood         |       |       |     1 ||     1
  Evoke: Wand              |       |       |     6 ||     6
    Use: Potion            |     3 |     1 |     1 ||     5
   Stab: Distracted        |     1 |     1 |       ||     2
         Sleeping          |       |       |     1 ||     1
 Armour: Skin              |     5 |     5 |     1 ||    11
  Dodge: Dodged            |    16 |    62 |    17 ||    95
  Block: Other             |       |     6 |     2 ||     8

Table legend: (Time is in decaauts)
 A = Elapsed time spent in this place.
 B = Non-inter-level travel time spent in this place.
 C = Inter-level travel time spent in this place.
 D = Time resting spent in this place.
 E = Time spent auto-exploring this place.
 F = Levels seen in this place.
 G = Mean time per level.
                   A        B        C        D        E       F      G
               +--------+--------+--------+--------+--------+-----+--------+
         Total |    989 |    962 |     27 |    107 |     73 |   6 |  164.8 |
       Dungeon |    622 |    595 |     27 |      0 |      0 |   5 |  124.4 |
       Ossuary |    366 |    366 |      0 |    107 |     73 |   1 |  366.0 |
               +--------+--------+--------+--------+--------+-----+--------+

Top non-repeatable levels by time:
     D:5: 458 daAuts
 Ossuary: 366 daAuts
     D:4: 121 daAuts
     D:2: 27 daAuts
     D:3: 12 daAuts
     D:1: 2 daAuts
